AoeStats
← xlxl

Four Lakes

510269930Analyzed
1v1 RM · 1d ago on Sep 30, 2026· 52m 32s· 2 players
Game mode
Random Map
Map size
Tiny (2 player)
Population
200
Speed
Normal
Resources
Standard
Victory
Conquest
Starting age
Dark Age
Ending age
Imperial Age
RankedLock teamsTeams togetherTeam positionsShared explorationLock speedFull tech treeHidden civsTurbo modeCheats
Victory
Defeat
🇬🇧 Bengalis · United Kingdom
618
+11
🇨🇳 Chinese · China
515
-11
1428651756
3:49 Loom
11:34 Feudal Age
12:00 Horse Collar
12:09 Double-Bit Axe
18:46 Gold Mining
18:47 Stone Mining
19:25 Bloodlines
23:24 Castle Age
22:51 Scale Barding Armor
23:56 Forging
25:52 Wheelbarrow
25:58 Husbandry
28:06 Chain Barding Armor
28:22 Iron Casting
28:02 Pikeman
30:59 Squires
30:36 Man-at-Arms
32:09 Long Swordsman
37:22 Padded Archer Armor
37:22 Scale Mail Armor
36:59 Crossbowman
39:54 Thumb Ring
49:37 Imperial Age
xlxl
8:06 Loom
11:25 Feudal Age
16:56 Castle Age
18:16 Double-Bit Axe
23:13 Fletching
27:13 Bloodlines
27:06 Husbandry
27:39 Paiks
30:26 Forging
31:04 Scale Barding Armor
33:06 Bodkin Arrow
35:25 Murder Holes
40:04 Imperial Age
39:21 Herbal Medicine
40:51 Chain Barding Armor
41:07 Iron Casting
44:28 Ballistics
46:05 Plate Barding Armor
46:19 Pikeman
46:59 Squires
47:28 Scale Mail Armor
47:29 Bracer
47:58 Halberdier
50:15 Chemistry
49:28 Masonry
50:19 Wheelbarrow
49:30 Town Watch
51:30 Conscription
51:50 Siege Engineers
53:18 Blast Furnace
Connection lost

Rejoining the realm…

Still unreachable

The connection could not be restored.

Session expired

The server has moved on; the page needs a fresh start.